 Dungeon Sprint DCSS version 0.27.1-1-g398f81649c (webtiles) character file.

Game seed: 4045325089022435421

1000000 ugugthedestroyer the Shield-Bearer (level 1, -57/14 HPs)
             Began as a Gargoyle Fighter on Sept 7, 2021.
             Annihilated by a meat berserker (71 damage)
             ... in the Dungeon (Sprint VIII: "Arena of Blood").
             The game lasted 00:00:21 (10 turns).

ugugthedestroyer the Shield-Bearer (Gargoyle Fighter) Turns: 10, Time: 00:00:21

Health: -57/14     AC:  9    Str: 19    XL:     1   Next: 0%
Magic:  1/1        EV:  9    Int:  8    God:
Gold:   0          SH:  0    Dex:  9    Spells: 0/0 levels left

rFire    . . .     SeeInvis .   k - +∞ Axe of Woe
rCold    . . .     Faith    .   (shield currently unavailable)
rNeg     + . .     Spirit   .   b - +0 scale mail
rPois    ∞         Reflect  .   (no helmet)
rElec    +         Harm     .   (no cloak)
rCorr    .         Rampage  .   (no gloves)
Will     .....     NoTele   +   (no boots)
Stlth    ..........             (no amulet)
HPRegen  0.04/turn              (no ring)
MPRegen  0.07/turn              (no ring)

@: no status effects
A: sickness immunity, AC +2, negative energy resistance 1, electricity
resistance, torment resistance 1, petrification resistance
a: no special abilities


You were in the Dungeon.
You visited 1 branch

Inventory:

Hand Weapons
 a - a +0 war axe
 k - the +∞ Axe of Woe (weapon)
   (You found it in the Dungeon)
Armour
 b - a +0 scale mail (worn)
 c - a +0 kite shield
Scrolls
 j - a scroll of blinking
Potions
 d - a potion of might
 e - a potion of curing
 f - a potion of heal wounds
 g - a potion of haste
 h - 2 potions of magic
 i - a potion of berserk rage


   Skills:
 + Level 3.2 Fighting
 + Level 1.7 Axes
 + Level 3.2 Armour
 + Level 3.2 Shields


You couldn't memorise any spells.
You didn't know any spells.
Your spell library was empty.

Dungeon Overview and Level Annotations

Branches:
Dungeon (1/1)

Altars:
Makhleb


Innate Abilities, Weirdness & Mutations

You are immune to sickness and miasma.
Your stone body is resilient. (AC +2)
You are immune to poison.
You resist negative energy. (rN+)
You are resistant to electric shocks. (rElec)
You are resistant to unholy torment.
You are immune to petrification.


Message History

k - the +∞ Axe of Woe The bag of meat shouts! x2; You hear a shout! x2
A meat berserker comes into view. It is wielding a +9 battleaxe.
You hear a shout! x2
k - the +∞ Axe of Woe (weapon)
You hear a shout!
The meat berserker rages. x2
You hear a shout! x3
You hear a shout! x4
A bag of meat comes into view. It is wielding a +9 war axe.
You hear a shout! x2
A bag of meat comes into view. It is wielding a +9 war axe.
You hear a shout! x3
The bag of meat shouts! x2
The meat berserker rages.
You hear a shout! x3
The meat berserker rages.
You hear a shout!
A meat berserker comes into view. It is wielding a +9 battleaxe. x2
You hear a shout! x4
A meat berserker comes into view. It is wielding a +9 battleaxe. x2
You hear a shout! x2
You slash the bag of meat!
You dissect the bag of meat like a pig carcass.
You kill the bag of meat!
You slash the bag of meat!
You fatally mangle the bag of meat.
You kill the bag of meat!
The bag of meat appears out of thin air!
A bag of meat comes into view. It is wielding a +9 war axe.
The bag of meat appears out of thin air!
A bag of meat comes into view. It is wielding a +9 war axe.
The bag of meat shouts! x2; You hear a shout! x4
The meat berserker rages.
You hear a shout!
A bag of meat comes into view. It is wielding a +9 war axe.
The meat berserker rages.
You hear a shout!
The meat berserker hits you with a +9 battleaxe!!!
Ouch! That really hurt!
You die...

.. .. #. .# #..
..# .###..
..###.
oo....###......
..o.._.....
#..)..# #_.@._#
#..OO.#
O..o._o....
.....o###......
.###.. ..###.
#.O ..# #. O#
oO ..


You could see 6 meat berserkers and 7 bags of meat.

Vanquished Creatures
  2 orcs (D)
2 creatures vanquished.

Notes
Turn   | Place    | Note
-------+----------+-------------------------------------------
     0 | D        | Found the +∞ Axe of Woe
     0 | D        | ugugthedestroyer the Gargoyle Fighter began the quest for
                  | the Orb.
     0 | D        | Reached XP level 1. HP: 14/14 MP: 1/1
     2 | D        | Noticed a bag of meat
     2 | D        | Noticed a bag of meat
     2 | D        | Noticed a bag of meat
     4 | D        | Noticed a meat berserker
     4 | D        | Noticed a bag of meat
     4 | D        | Noticed a bag of meat
     5 | D        | Noticed a meat berserker
     7 | D        | Noticed a bag of meat
     7 | D        | Noticed a bag of meat
     8 | D        | Noticed a meat berserker
     9 | D        | Noticed a meat berserker
     9 | D        | Noticed a meat berserker
     9 | D        | Noticed a meat berserker
    10 | D        | Killed a bag of meat
    10 | D        | Killed a bag of meat
    10 | D        | Noticed a bag of meat
    10 | D        | Noticed a bag of meat
    10 | D        | Noticed a bag of meat
    10 | D        | Annihilated by a meat berserker

Illustrated notes

Levels and vault maps discovered:
D:        meatsprint

Action                   || total
-------------------------++-------
Melee: Executioner's axe ||     1
